[Event "RUS-ch Men Blitz 2019"]
[Site "Sochi"]
[Date "2019.10.17"]
[Round "11.31"]
[White "Gogolev, Artem"]
[Black "Faizrakhmanov, Ramil"]
[Result "0-1"]
[ECO "E01"]
[WhiteElo "2339"]
[BlackElo "2434"]
[Annotator "NA"]
[PlyCount "74"]
[EventDate "2019.10.17"]
[EventType "swiss"]
[EventCountry "RUS"]
[SourceTitle "playchess.com"]
[Source "ChessBase"]
[SourceQuality "1"]
[TimeControl "180+2"]

1. d4 Nf6 2. c4 e6 3. g3 d5 4. Bg2 dxc4 5. Qa4+ c6 6. Qxc4 b5 7. Qc2 Bb7 8. Nf3 Nbd7 9. O-O c5 10. Rd1 Rc8 11. dxc5 Bxc5 12. Qb3 Qb6 13. e3 O-O 14. Nc3 a6 15. Bd2 Be7 16. Be1 Nc5 17. Qc2 b4 18. Na4 Nxa4 19. Qxa4 Bc6 20. Qb3 Bd5 21. Qa4 Qb7 22. Nh4 Ne4 23. Rd4 Bxh4 24. Rxb4 Qa8 25. Bxe4 Bxe4 26. Rxe4 Bf6 27. Rb1 Rfd8 28. Rc4 h5 29. Ba5 Rd5 30. Bc3 Bxc3 31. bxc3 Rdc5 32. Rxc5 Rxc5 33. Qf4 Rc8 34. c4 g6 35. c5 Qd5 36. Rc1 Rxc5 37. Rxc5 Qxc5 0-1

[Event "RUS-ch Men Blitz 2019"]
[Site "Sochi"]
[Date "2019.10.17"]
[Round "12.1"]
[White "Ponkratov, Pavel"]
[Black "Grachev, Boris"]
[Result "1/2-1/2"]
[ECO "B40"]
[WhiteElo "2621"]
[BlackElo "2621"]
[Annotator "RC"]
[PlyCount "81"]
[EventDate "2019.10.17"]
[EventType "swiss"]
[EventCountry "RUS"]
[SourceTitle "playchess.com"]
[Source "ChessBase"]
[SourceQuality "1"]
[TimeControl "180+2"]

1. e4 c5 2. Nf3 e6 3. c3 d5 4. e5 d4 5. Bd3 Bd7 6. O-O Bc6 7. Re1 Ne7 8. Na3 Ng6 9. Nc2 Nf4 10. Bf1 d3 11. Ne3 Be7 12. b3 O-O 13. Bb2 b5 14. c4 a6 15. Rc1 Bb7 16. g3 Ne2+ 17. Bxe2 dxe2 18. Qxe2 Nc6 19. cxb5 Nb4 20. Rc3 Nxa2 21. Rd3 Bxf3 22. Rxd8 Bxe2 23. Rxa8 Rxa8 24. Rxe2 axb5 25. Nc2 h5 26. Kf1 c4 27. bxc4 bxc4 28. Re4 Rc8 29. Bc3 f5 30. exf6 Nxc3 31. dxc3 Bxf6 32. Ne3 Bxc3 33. Nxc4 Rc6 34. Ke2 Bf6 35. Ne3 Kf7 36. h4 Ra6 37. Ng2 Ra2+ 38. Kf3 Ra3+ 39. Re3 Rxe3+ 40. Kxe3 Bd8 41. Nf4 1/2-1/2

[Event "RUS-ch Men Blitz 2019"]
[Site "Sochi"]
[Date "2019.10.17"]
[Round "12.2"]
[White "Savchenko, Boris"]
[Black "Drygalov, Andrey"]
[Result "1/2-1/2"]
[ECO "B50"]
[WhiteElo "2581"]
[BlackElo "2484"]
[Annotator "ChessBase"]
[PlyCount "92"]
[EventDate "2019.10.17"]
[EventType "swiss"]
[EventCountry "RUS"]
[SourceTitle "playchess.com"]
[Source "ChessBase"]
[SourceQuality "1"]
[TimeControl "180+2"]

1. e4 c5 2. Nf3 d6 3. c3 Nf6 4. g3 g6 5. Bg2 Bg7 6. O-O O-O 7. Re1 Nc6 8. d3 Rb8 9. a4 a6 10. d4 cxd4 11. cxd4 Bg4 12. Na3 Nd7 13. Nc2 e5 14. dxe5 Ndxe5 15. h3 Nxf3+ 16. Bxf3 Bxh3 17. Ra3 Be6 18. Bg2 Rc8 19. Rd3 Qc7 20. Ne3 Rfd8 21. f4 Nb4 22. Ra3 Nc2 23. Nxc2 Qxc2 24. Rd3 Qxd1 25. Rexd1 Bg4 26. Bf3 Bxf3 27. Rxf3 Rc4 28. Rb3 Rdc8 29. Be3 Rxa4 30. Rxb7 Rxe4 31. Kf2 Rce8 32. Ba7 Re2+ 33. Kf3 Rxb2 34. Rxb2 Bxb2 35. Rxd6 a5 36. Ra6 Ra8 37. Rxa5 Bd4 38. Bb6 Rxa5 39. Bxa5 Kg7 40. g4 f6 41. Be1 Kf7 42. Ke4 Ba1 43. f5 Be5 44. Bf2 Bb2 45. Bg3 h5 46. fxg6+ Kxg6 1/2-1/2

[Event "RUS-ch Men Blitz 2019"]
[Site "Sochi"]
[Date "2019.10.17"]
[Round "12.3"]
[White "Yudin, Sergei"]
[Black "Yuffa, Daniil"]
[Result "1/2-1/2"]
[ECO "B13"]
[WhiteElo "2497"]
[BlackElo "2577"]
[Annotator "ChessBase"]
[PlyCount "121"]
[EventDate "2019.10.17"]
[EventType "swiss"]
[EventCountry "RUS"]
[SourceTitle "playchess.com"]
[Source "ChessBase"]
[SourceQuality "1"]
[TimeControl "180+2"]

1. e4 c6 2. d4 d5 3. exd5 cxd5 4. Bd3 Nc6 5. c3 Qc7 6. h3 e6 7. Nf3 Bd6 8. O-O Nge7 9. Re1 O-O 10. Nbd2 Ng6 11. Nf1 Bd7 12. h4 Rad8 13. h5 Nf4 14. h6 Nxd3 15. hxg7 Nxe1 16. gxf8=Q+ Bxf8 17. Qxe1 f6 18. Ne3 Bc8 19. Qe2 Qg7 20. Bd2 e5 21. Nh4 Ne7 22. Qh5 Qf7 23. Qf3 e4 24. Qg3+ Bg7 25. Qc7 Nc6 26. Qxf7+ Kxf7 27. Nhf5 Bf8 28. g4 Ne7 29. Nxe7 Bxe7 30. f3 exf3 31. Kf2 Kg6 32. Rh1 Bf8 33. Kxf3 Bh6 34. Nf1 Bg5 35. Bf4 Be6 36. Ne3 h6 37. Re1 Re8 38. Ng2 Bf7 39. Rxe8 Bxe8 40. Ne3 Bf7 41. Nf5 Be6 42. Ne3 Kf7 43. Ng2 Kg6 44. Ne3 Kf7 45. b3 b5 46. Ng2 Kg6 47. Ne3 Kf7 48. Ng2 Kg6 49. Ne3 a5 50. Ng2 Kf7 51. Ne3 Ke7 52. Nc2 Kd7 53. b4 a4 54. Na3 Kc6 55. Nc2 Bf7 56. Ne3 Bg6 57. a3 Be4+ 58. Kg3 Bg6 59. Ng2 Be4 60. Ne3 Bg6 61. Ng2 1/2-1/2

[Event "RUS-ch Men Blitz 2019"]
[Site "Sochi"]
[Date "2019.10.17"]
[Round "12.4"]
[White "Tsydypov, Zhamsaran"]
[Black "Shimanov, Aleksandr"]
[Result "0-1"]
[ECO "B12"]
[WhiteElo "2553"]
[BlackElo "2587"]
[Annotator "ChessBase"]
[PlyCount "88"]
[EventDate "2019.10.17"]
[EventType "swiss"]
[EventCountry "RUS"]
[SourceTitle "playchess.com"]
[Source "ChessBase"]
[SourceQuality "1"]
[TimeControl "180+2"]

1. e4 c6 2. d4 d5 3. e5 Bf5 4. Nf3 e6 5. Be2 Ne7 6. O-O Nd7 7. Nbd2 h6 8. Nb3 g5 9. Ne1 Qc7 10. Nd3 Ng6 11. f4 O-O-O 12. fxg5 hxg5 13. Bxg5 f6 14. Rxf5 exf5 15. Bh5 Ngxe5 16. Nxe5 fxe5 17. dxe5 Nxe5 18. Bxd8 Qxd8 19. Be2 Qh4 20. h3 Rg8 21. Kh1 Bd6 22. Qe1 Qf4 23. Qg1 Rg3 24. Rf1 Qe4 25. Qf2 f4 26. Nd2 Rxh3+ 27. Kg1 Qg6 28. Nf3 Ng4 29. Qxa7 Ne3 30. Rf2 Rh8 31. Qd4 Qh6 32. Rf1 Nxf1 33. Kxf1 Re8 34. Bd3 Rg8 35. Bf5+ Kc7 36. Bh3 Qg7 37. Qd3 Qxb2 38. Nd4 Re8 39. Ne6+ Kb8 40. a4 Qa1+ 41. Kf2 Qe5 42. Qg6 Re7 43. Kf1 Qe3 44. Bg4 Bc5 0-1

[Event "RUS-ch Men Blitz 2019"]
[Site "Sochi"]
[Date "2019.10.17"]
[Round "12.5"]
[White "Mikhailovsky, Vladimir"]
[Black "Rublevsky, Sergei"]
[Result "0-1"]
[ECO "B21"]
[WhiteElo "2209"]
[BlackElo "2651"]
[Annotator "RC"]
[PlyCount "101"]
[EventDate "2019.10.17"]
[EventType "swiss"]
[EventCountry "RUS"]
[SourceTitle "playchess.com"]
[Source "ChessBase"]
[SourceQuality "1"]
[TimeControl "180+2"]

1. e4 c5 2. d4 cxd4 3. c3 dxc3 4. Nxc3 Nc6 5. Nf3 e6 6. Bc4 d6 7. O-O Be7 8. Qe2 Nf6 9. Rd1 e5 10. h3 O-O 11. Bg5 Be6 12. Bxf6 Bxf6 13. Nd5 Bg5 14. a3 Rc8 15. b4 Bh6 16. b5 Ne7 17. Nh2 Rc5 18. Ng4 Bg5 19. Nge3 Bxe3 20. Nxe3 Qc7 21. Bxe6 fxe6 22. Qg4 Rf6 23. Rd2 Rxb5 24. Rad1 Rb6 25. Qh5 Ng6 26. Ng4 Rf8 27. Qg5 Qd8 28. Qe3 Qe7 29. g3 Rc8 30. h4 Nf8 31. h5 h6 32. a4 Nd7 33. a5 Ra6 34. Qa3 Rc5 35. Qb4 Nb8 36. Ne3 Nc6 37. Qa3 Nd4 38. Kg2 Rcxa5 39. Qb4 Ra4 40. Qc3 Rc6 41. Qb2 Qf7 42. f4 Qxh5 43. Rf1 b5 44. f5 exf5 45. exf5 Qf7 46. f6 gxf6 47. Rdf2 Rc1 48. Qxc1 Ra2 49. Qc8+ Kh7 50. Nf5 Rxf2+ 51. Rxf2 0-1

[Event "RUS-ch Men Blitz 2019"]
[Site "Sochi"]
[Date "2019.10.17"]
[Round "12.6"]
[White "Lysyj, Igor"]
[Black "Golubov, Saveliy"]
[Result "0-1"]
[ECO "A52"]
[WhiteElo "2596"]
[BlackElo "2469"]
[Annotator "ChessBase"]
[PlyCount "85"]
[EventDate "2019.10.17"]
[EventType "swiss"]
[EventCountry "RUS"]
[SourceTitle "playchess.com"]
[Source "ChessBase"]
[SourceQuality "1"]
[TimeControl "180+2"]

1. d4 Nf6 2. c4 e5 3. dxe5 Ng4 4. Nf3 Bc5 5. e3 Nc6 6. Nc3 Ngxe5 7. Be2 O-O 8. b3 Re8 9. Bb2 a5 10. Nd2 d6 11. Nde4 Ba7 12. O-O Bf5 13. Ng3 Bd7 14. h3 Qh4 15. Nd5 Rac8 16. Kh2 Nb4 17. Nxb4 axb4 18. Qd2 Bc5 19. Rae1 Ra8 20. Bd4 Rad8 21. f4 Nc6 22. Bf3 Qe7 23. Bxc6 bxc6 24. Bxc5 dxc5 25. Qf2 Qd6 26. Rd1 Qe7 27. e4 f6 28. Rfe1 Be6 29. Qe3 Rd7 30. Rxd7 Bxd7 31. Qf3 Ra8 32. Re2 Ra6 33. e5 fxe5 34. Rxe5 Qf8 35. Qf2 h6 36. Nh5 Be8 37. Ng3 Bd7 38. Ne4 Rxa2 39. Qg3 Kh7 40. Nxc5 Bf5 41. Ne6 Bxe6 42. Rxe6 Rd2 43. Qg6+ 0-1

[Event "RUS-ch Men Blitz 2019"]
[Site "Sochi"]
[Date "2019.10.17"]
[Round "12.7"]
[White "Sakaev, Konstantin"]
[Black "Timofeev, Artyom"]
[Result "1/2-1/2"]
[ECO "A50"]
[WhiteElo "2595"]
[BlackElo "2595"]
[Annotator "ChessBase"]
[PlyCount "29"]
[EventDate "2019.10.17"]
[EventType "swiss"]
[EventCountry "RUS"]
[SourceTitle "playchess.com"]
[Source "ChessBase"]
[SourceQuality "1"]
[TimeControl "180+2"]

1. d4 Nf6 2. c4 b6 3. Nc3 Bb7 4. Nf3 d5 5. Bg5 dxc4 6. e3 e6 7. Bxc4 Be7 8. O-O O-O 9. Qe2 Nbd7 10. Rfd1 Nd5 11. Bxe7 Qxe7 12. Rac1 Nxc3 13. Rxc3 c5 14. Ba6 Bxf3 15. Qxf3 1/2-1/2

[Event "RUS-ch Men Blitz 2019"]
[Site "Sochi"]
[Date "2019.10.17"]
[Round "12.9"]
[White "Derjabin, Ilja"]
[Black "Nozdrachev, Vladislav"]
[Result "0-1"]
[ECO "D35"]
[WhiteElo "2333"]
[BlackElo "2494"]
[Annotator "ChessBase"]
[PlyCount "88"]
[EventDate "2019.10.17"]
[EventType "swiss"]
[EventCountry "RUS"]
[SourceTitle "playchess.com"]
[Source "ChessBase"]
[SourceQuality "1"]
[TimeControl "180+2"]

1. d4 d5 2. c4 e6 3. Nc3 Nf6 4. cxd5 Nxd5 5. e4 Nxc3 6. bxc3 c5 7. a3 Be7 8. Nf3 O-O 9. Be2 b6 10. d5 exd5 11. exd5 Bf6 12. O-O Bxc3 13. Ra2 Bb7 14. Bc4 a6 15. a4 b5 16. axb5 axb5 17. Rxa8 Bxa8 18. Bxb5 Qxd5 19. Qxd5 Bxd5 20. Be3 Bxf3 21. gxf3 Bd4 22. Bxd4 cxd4 23. Rc1 Rd8 24. Kf1 Kf8 25. Rc4 Ke7 26. Ke2 Rd5 27. Rc7+ Kd8 28. Rb7 Kc8 29. Rxf7 Rxb5 30. Rxg7 Rh5 31. Rg4 Nc6 32. h4 Kd7 33. f4 Kd6 34. Kd3 Rd5 35. Rg7 Nb4+ 36. Kc4 d3 37. Rg1 d2 38. Rd1 Na6 39. Kc3 Nc5 40. f3 Ke6 41. Rxd2 Rxd2 42. Kxd2 Kf5 43. Ke3 Ne6 44. h5 h6 0-1

[Event "RUS-ch Men Blitz 2019"]
[Site "Sochi"]
[Date "2019.10.17"]
[Round "12.11"]
[White "Gubsky, Egor"]
[Black "Triapishko, Alexandr"]
[Result "0-1"]
[ECO "E10"]
[WhiteElo "2339"]
[BlackElo "2514"]
[Annotator "ChessBase"]
[PlyCount "78"]
[EventDate "2019.10.17"]
[EventType "swiss"]
[EventCountry "RUS"]
[SourceTitle "playchess.com"]
[Source "ChessBase"]
[SourceQuality "1"]
[TimeControl "180+2"]

1. d4 Nf6 2. c4 e6 3. Nf3 d5 4. e3 b6 5. Nc3 Bb7 6. Bd3 g6 7. O-O Bg7 8. b3 O-O 9. Bb2 Nbd7 10. Rc1 c5 11. Qe2 cxd4 12. Nxd4 dxc4 13. Bxc4 a6 14. Rfd1 Qe7 15. a4 Ne5 16. f3 Nxc4 17. Qxc4 Rac8 18. Qe2 Rfd8 19. Nc2 Nd7 20. Nd4 Nc5 21. b4 Nd7 22. b5 a5 23. Ne4 Ne5 24. Rxc8 Rxc8 25. Rc1 Rxc1+ 26. Bxc1 Bxe4 27. fxe4 Qc5 28. Bb2 Qc4 29. Qd1 Qd3 30. Qc1 Nc4 31. Kf2 Bh6 32. Nc2 Qxe4 33. Bd4 e5 34. Bc3 Qd3 35. Ba1 Nd2 36. Qb2 Ne4+ 37. Kf3 f6 38. g3 Nd2+ 39. Kg4 Qf5+ 0-1

[Event "RUS-ch Men Blitz 2019"]
[Site "Sochi"]
[Date "2019.10.17"]
[Round "12.12"]
[White "Popov, Valerij"]
[Black "Goltsev, Dmitry"]
[Result "1-0"]
[ECO "E91"]
[WhiteElo "2535"]
[BlackElo "2309"]
[Annotator "ChessBase"]
[PlyCount "169"]
[EventDate "2019.10.17"]
[EventType "swiss"]
[EventCountry "RUS"]
[SourceTitle "playchess.com"]
[Source "ChessBase"]
[SourceQuality "1"]
[TimeControl "180+2"]

1. c4 Nf6 2. Nf3 g6 3. Nc3 Bg7 4. e4 d6 5. d4 O-O 6. Be2 Nbd7 7. Be3 e5 8. d5 a5 9. Nd2 b6 10. a3 Qe7 11. b4 Bb7 12. O-O axb4 13. axb4 Rxa1 14. Qxa1 Ra8 15. Qb2 Qd8 16. c5 bxc5 17. bxc5 Rb8 18. Qa3 Nxc5 19. Bxc5 dxc5 20. Rb1 Nd7 21. Bb5 Ra8 22. Qb3 Ba6 23. Bc6 Rb8 24. Qa2 Rxb1+ 25. Ndxb1 Bd3 26. Bb5 Bxb1 27. Qxb1 Nb6 28. Bc6 Bf8 29. g3 Qg5 30. Nb5 Qd8 31. Qa1 Bd6 32. Kg2 h5 33. h4 c4 34. Qb2 Qe7 35. Qa1 Kg7 36. Qa7 Qd8 37. Qa1 Qe7 38. Qa7 Qd8 39. Kf1 Qe7 40. Ke2 Qd8 41. Qa1 Qe7 42. Qb2 g5 43. hxg5 Na4 44. Qc2 Nc5 45. Nxd6 cxd6 46. f4 exf4 47. gxf4 Nxe4 48. Kf3 Nc5 49. Qxc4 Qe1 50. Qd4+ Kg8 51. Bb5 h4 52. Qf2 Qe4+ 53. Kg4 Qh1 54. Qxh4 Qxd5 55. Qe1 Ne6 56. Bd7 Qg2+ 57. Kf5 Nd4+ 58. Kf6 Ne2 59. Be8 Qf3 60. Bxf7+ Kf8 61. f5 Qc3+ 62. Qxc3 Nxc3 63. Bc4 Ne4+ 64. Kg6 Nd2 65. Bd5 Nf1 66. Kf6 Ne3 67. Be6 Ng4+ 68. Kg6 Ne5+ 69. Kh5 Ke7 70. Bd5 Nd7 71. Kg4 Ne5+ 72. Kf4 Nd7 73. Ke4 Nc5+ 74. Ke3 Nd7 75. Kd4 Ne5 76. f6+ Kf8 77. Ke4 Ng6 78. Be6 Ke8 79. Bg4 Ne5 80. Bh5+ Kd7 81. Kf5 Nc6 82. g6 Nd4+ 83. Kg5 Ke6 84. g7 Nf3+ 85. Bxf3 1-0

[Event "RUS-ch Men Blitz 2019"]
[Site "Sochi"]
[Date "2019.10.17"]
[Round "12.13"]
[White "Savitskiy, Sergey"]
[Black "Papin, Vasily"]
[Result "1-0"]
[ECO "B43"]
[WhiteElo "2407"]
[BlackElo "2481"]
[Annotator "ChessBase"]
[PlyCount "68"]
[EventDate "2019.10.17"]
[EventType "swiss"]
[EventCountry "RUS"]
[SourceTitle "playchess.com"]
[Source "ChessBase"]
[SourceQuality "1"]
[TimeControl "180+2"]

1. e4 c5 2. Nf3 e6 3. d4 cxd4 4. Nxd4 a6 5. Nc3 Qc7 6. g3 d6 7. Bg2 Bd7 8. O-O Nc6 9. Re1 Be7 10. g4 h6 11. Nf5 exf5 12. Nd5 Qd8 13. exf5 Kf8 14. Be3 Be8 15. Bb6 Qd7 16. Nxe7 Ncxe7 17. a4 Nf6 18. h3 Rc8 19. c3 Kg8 20. Qd2 Kh7 21. Rad1 d5 22. a5 Nc6 23. Qf4 d4 24. c4 d3 25. h4 Rf8 26. g5 Ng8 27. Be4 Kh8 28. Rxd3 Qe7 29. f6 Qe5 30. Qxe5 Nxe5 31. fxg7+ Kxg7 32. Bd4 f6 33. gxf6+ Kxf6 34. Rf3+ Ke7 1-0

[Event "RUS-ch Men Blitz 2019"]
[Site "Sochi"]
[Date "2019.10.17"]
[Round "12.14"]
[White "Potapov, Pavel"]
[Black "Nesterov, Arseniy"]
[Result "1/2-1/2"]
[ECO "C77"]
[WhiteElo "2489"]
[BlackElo "2484"]
[Annotator "ChessBase"]
[PlyCount "52"]
[EventDate "2019.10.17"]
[EventType "swiss"]
[EventCountry "RUS"]
[SourceTitle "playchess.com"]
[Source "ChessBase"]
[SourceQuality "1"]
[TimeControl "180+2"]

1. e4 e5 2. Nf3 Nc6 3. Bb5 a6 4. Ba4 Nf6 5. Bxc6 dxc6 6. d3 Bd6 7. Nbd2 Be6 8. b3 Nd7 9. Bb2 O-O 10. O-O Qe7 11. Nc4 f6 12. Ne3 Rad8 13. Nf5 Qf7 14. Qe2 Rfe8 15. Rad1 c5 16. h3 Bf8 17. Nh2 Nb8 18. Qf3 Nc6 19. Qg3 Qg6 20. Qxg6 hxg6 21. Ne3 Nd4 22. Rfe1 Kf7 23. Nhf1 g5 24. f3 g6 25. Kf2 a5 26. a4 b6 1/2-1/2

[Event "RUS-ch Men Blitz 2019"]
[Site "Sochi"]
[Date "2019.10.17"]
[Round "12.15"]
[White "Kokarev, Dmitry"]
[Black "Remizov, Yaroslav"]
[Result "1-0"]
[ECO "C18"]
[WhiteElo "2593"]
[BlackElo "2394"]
[Annotator "ChessBase"]
[PlyCount "91"]
[EventDate "2019.10.17"]
[EventType "swiss"]
[EventCountry "RUS"]
[SourceTitle "playchess.com"]
[Source "ChessBase"]
[SourceQuality "1"]
[TimeControl "180+2"]

1. e4 e6 2. d4 d5 3. Nc3 Bb4 4. e5 c5 5. a3 Bxc3+ 6. bxc3 Ne7 7. Qg4 Qc7 8. Qxg7 Rg8 9. Qxh7 cxd4 10. Ne2 Nbc6 11. f4 dxc3 12. Qd3 d4 13. Nxd4 Nxd4 14. Qxd4 Nf5 15. Bb5+ Bd7 16. Bxd7+ Qxd7 17. Qxd7+ Kxd7 18. Kf2 Rad8 19. Rb1 Nd4 20. Rxb7+ Kc6 21. Rb4 Nxc2 22. Rc4+ Kb5 23. Rxc3 Rc8 24. Rxc8 Rxc8 25. h4 Nd4 26. Bd2 Rc2 27. Ke3 Nf5+ 28. Kd3 Ra2 29. g4 Rxa3+ 30. Bc3 Ne7 31. Rb1+ Kc5 32. Ra1 Rxa1 33. Bxa1 a5 34. h5 Kc6 35. Ke4 Kd7 36. f5 exf5+ 37. gxf5 Ke8 38. Bc3 Kf8 39. Bxa5 Nc6 40. Bd2 Kg7 41. Bg5 Na5 42. Kd5 Nb3 43. e6 fxe6+ 44. fxe6 Na5 45. e7 Kf7 46. h6 1-0

[Event "RUS-ch Men Blitz 2019"]
[Site "Sochi"]
[Date "2019.10.17"]
[Round "12.16"]
[White "Faizrakhmanov, Ramil"]
[Black "Rozum, Ivan"]
[Result "1-0"]
[ECO "A53"]
[WhiteElo "2434"]
[BlackElo "2599"]
[Annotator "ChessBase"]
[PlyCount "109"]
[EventDate "2019.10.17"]
[EventType "swiss"]
[EventCountry "RUS"]
[SourceTitle "playchess.com"]
[Source "ChessBase"]
[SourceQuality "1"]
[TimeControl "180+2"]

1. d4 Nf6 2. c4 d6 3. Nf3 g6 4. e3 Bg7 5. Be2 O-O 6. O-O b6 7. Nc3 Bb7 8. b3 Nbd7 9. Qc2 e5 10. Bb2 Re8 11. Rfd1 exd4 12. Nxd4 Nc5 13. Bf3 Bxf3 14. Nxf3 a5 15. h3 Qc8 16. Nd5 Nxd5 17. cxd5 Bxb2 18. Qxb2 b5 19. Nd4 b4 20. a3 Qb7 21. Nc6 Ne4 22. axb4 axb4 23. Rxa8 Rxa8 24. Rd4 f5 25. Rxb4 Qa6 26. Ra4 Qb7 27. Rxa8+ Qxa8 28. f3 Ng5 29. Qf6 Nf7 30. Kh2 Qa3 31. Nd8 Nxd8 32. Qxd8+ Kf7 33. Qxc7+ Kf6 34. Qxh7 Qxb3 35. Qh8+ Kf7 36. Qd4 g5 37. e4 Qc2 38. e5 dxe5 39. Qxe5 Kg6 40. Qe6+ Kh5 41. d6 Qd2 42. Qf7+ Kh6 43. Qf6+ Kh5 44. Qe5 Kg6 45. Qe6+ Kh5 46. Qe8+ Kh6 47. Qf8+ Kg6 48. Qe8+ Kh6 49. Qe6+ Kh5 50. Qe5 Kg6 51. Qe6+ Kh5 52. Qxf5 Qxd6+ 53. f4 Qxf4+ 54. Qxf4 gxf4 55. Kg1 1-0

[Event "RUS-ch Men Blitz 2019"]
[Site "Sochi"]
[Date "2019.10.17"]
[Round "12.17"]
[White "Papenin, Nikolai"]
[Black "Belozerov, Andrei"]
[Result "1-0"]
[ECO "D18"]
[WhiteElo "2295"]
[BlackElo "2515"]
[Annotator "ChessBase"]
[PlyCount "92"]
[EventDate "2019.10.17"]
[EventType "swiss"]
[EventCountry "RUS"]
[SourceTitle "playchess.com"]
[Source "ChessBase"]
[SourceQuality "1"]
[TimeControl "180+2"]

1. d4 d5 2. c4 c6 3. Nc3 Nf6 4. Nf3 dxc4 5. a4 Bf5 6. e3 e6 7. Bxc4 Bb4 8. O-O Nbd7 9. Qb3 a5 10. Na2 Bd6 11. Qxb7 Rb8 12. Qa6 O-O 13. Bd3 Qc7 14. Bxf5 exf5 15. Bd2 Ra8 16. Qc4 Ne4 17. h3 Rfc8 18. Nc3 Rab8 19. Nxe4 fxe4 20. Ng5 Nf6 21. Bxa5 Qxa5 22. Nxf7 Qd5 23. Nxd6 Qxc4 24. Nxc4 Rb4 25. Rfc1 Nd5 26. a5 Ra8 27. a6 Kf8 28. Ne5 Rxb2 29. Rxc6 Nb4 30. Rb6 Nd3 31. Rxb2 Nxb2 32. Nc6 Ke8 33. a7 Kd7 34. d5 Kd6 35. Rb1 Kxd5 36. Nb4+ Kc4 37. Rxb2 Rxa7 38. Nc6 Ra1+ 39. Kh2 Kc3 40. Rb7 Kd2 41. Rxg7 Ke2 42. Kg3 Rg1 43. Nd4+ Kf1 44. Kf4 Kxf2 45. Kxe4 Rxg2 46. Rxg2+ Kxg2 1-0

[Event "RUS-ch Men Blitz 2019"]
[Site "Sochi"]
[Date "2019.10.17"]
[Round "12.18"]
[White "Lugovskoy, Maxim"]
[Black "Korchmar, Vasiliy"]
[Result "1-0"]
[ECO "A45"]
[WhiteElo "2436"]
[BlackElo "2432"]
[Annotator "NA"]
[PlyCount "43"]
[EventDate "2019.10.17"]
[EventType "swiss"]
[EventCountry "RUS"]
[SourceTitle "playchess.com"]
[Source "ChessBase"]
[SourceQuality "1"]
[TimeControl "180+2"]

1. d4 Nf6 2. Nc3 d5 3. Bf4 a6 4. Nf3 Nbd7 5. e3 e6 6. Bd3 c5 7. O-O b5 8. a3 Bb7 9. dxc5 Nxc5 10. Qe2 Be7 11. Rad1 Qb6 12. Bg5 O-O 13. Ne5 Rad8 14. Ng4 Nxd3 15. cxd3 Rfe8 16. Bxf6 gxf6 17. Nh6+ Kg7 18. Qh5 Rf8 19. d4 f5 20. f4 Qc7 21. Rf3 Bd6 22. Qg5+ 1-0

[Event "RUS-ch Men Blitz 2019"]
[Site "Sochi"]
[Date "2019.10.17"]
[Round "12.19"]
[White "Kardashevskiy, Evgeny"]
[Black "Samusenko, Maksim"]
[Result "1/2-1/2"]
[ECO "A46"]
[WhiteElo "2428"]
[BlackElo "2445"]
[Annotator "NA"]
[PlyCount "104"]
[EventDate "2019.10.17"]
[EventType "swiss"]
[EventCountry "RUS"]
[SourceTitle "playchess.com"]
[Source "ChessBase"]
[SourceQuality "1"]
[TimeControl "180+2"]

1. d4 Nf6 2. Nf3 d6 3. c4 g6 4. g3 Bg7 5. Bg2 O-O 6. O-O c6 7. Nc3 Nbd7 8. b3 Re8 9. e4 e5 10. h3 exd4 11. Nxd4 Nc5 12. Re1 Qb6 13. Be3 a5 14. Qc2 Bd7 15. Rad1 Rad8 16. Rd2 Bc8 17. Red1 Qc7 18. a3 Qe7 19. f3 d5 20. cxd5 cxd5 21. Bg5 dxe4 22. fxe4 Qe5 23. Bf4 Qh5 24. e5 Rxe5 25. Bf3 Qxh3 26. Bxe5 Ng4 27. Bxg4 Bxg4 28. Bxg7 Bxd1 29. Qxd1 Qxg3+ 30. Kh1 Kxg7 31. Nf5+ gxf5 32. Rxd8 Qxc3 33. Qd4+ Qxd4 34. Rxd4 Nxb3 35. Rd5 b6 36. Rb5 Nd4 37. Rxb6 f6 38. Rd6 Nb5 39. Rd5 Nxa3 40. Rxa5 Nc4 41. Rxf5 Ne5 42. Rf1 Kg6 43. Kg2 Kg5 44. Ra1 h5 45. Ra4 f5 46. Kg3 Ng6 47. Rb4 h4+ 48. Kf3 Ne5+ 49. Kg2 f4 50. Rb5 Kf5 51. Kh3 Ke4 52. Kxh4 Nf3+ 1/2-1/2

[Event "RUS-ch Men Blitz 2019"]
[Site "Sochi"]
[Date "2019.10.17"]
[Round "12.21"]
[White "Chos, Alexey"]
[Black "Vastrukhin, Oleg"]
[Result "0-1"]
[ECO "C03"]
[WhiteElo "2296"]
[BlackElo "2428"]
[Annotator "NA"]
[PlyCount "32"]
[EventDate "2019.10.17"]
[EventType "swiss"]
[EventCountry "RUS"]
[SourceTitle "playchess.com"]
[Source "ChessBase"]
[SourceQuality "1"]
[TimeControl "180+2"]

1. e4 e6 2. d4 d5 3. Nd2 a6 4. e5 c5 5. c3 Qb6 6. Ndf3 Bd7 7. a4 cxd4 8. cxd4 Nc6 9. Ne2 Nge7 10. b3 Nf5 11. Ra2 Bb4+ 12. Bd2 Nfxd4 13. Nexd4 Nxd4 14. Bd3 Bxd2+ 15. Rxd2 Nxf3+ 16. Qxf3 Qxb3 0-1

[Event "RUS-ch Men Blitz 2019"]
[Site "Sochi"]
[Date "2019.10.17"]
[Round "12.22"]
[White "Oganian, Miran"]
[Black "Frolov, Aleksey G."]
[Result "1-0"]
[ECO "D77"]
[WhiteElo "2436"]
[BlackElo "2093"]
[Annotator "NA"]
[PlyCount "73"]
[EventDate "2019.10.17"]
[EventType "swiss"]
[EventCountry "RUS"]
[SourceTitle "playchess.com"]
[Source "ChessBase"]
[SourceQuality "1"]
[TimeControl "180+2"]

1. d4 Nf6 2. c4 g6 3. Nf3 Bg7 4. g3 O-O 5. Bg2 d5 6. O-O Nc6 7. cxd5 Nxd5 8. e3 Re8 9. Nc3 Nb6 10. d5 Na5 11. e4 c6 12. Bg5 Bxc3 13. bxc3 cxd5 14. e5 Qc7 15. Rc1 Nac4 16. Qd4 Bf5 17. Rfe1 Rad8 18. Bh6 e6 19. Qh4 Qe7 20. Bg5 Qf8 21. Bxd8 Rxd8 22. Nd4 Nb2 23. Nxf5 exf5 24. Bf1 Re8 25. Qd4 Qa3 26. h4 N2c4 27. h5 Qxa2 28. e6 Rxe6 29. h6 Kf8 30. Rxe6 fxe6 31. Qg7+ Ke8 32. Qg8+ Kd7 33. Qxh7+ Kd6 34. Qxb7 Qd2 35. Ra1 Qxh6 36. Rxa7 Qc1 37. Qc7# 1-0

[Event "RUS-ch Men Blitz 2019"]
[Site "Sochi"]
[Date "2019.10.17"]
[Round "12.23"]
[White "Eraschenkov, Denis"]
[Black "Alexeev, Alexey"]
[Result "1/2-1/2"]
[ECO "B30"]
[WhiteElo "2382"]
[BlackElo "2252"]
[Annotator "NA"]
[PlyCount "91"]
[EventDate "2019.10.17"]
[EventType "swiss"]
[EventCountry "RUS"]
[SourceTitle "playchess.com"]
[Source "ChessBase"]
[SourceQuality "1"]
[TimeControl "180+2"]

1. e4 c5 2. Nf3 Nc6 3. Nc3 Nf6 4. Bb5 d6 5. O-O e5 6. d3 Be7 7. Nd5 O-O 8. Nxf6+ Bxf6 9. h3 Qc7 10. c3 a6 11. Bc4 b5 12. Bd5 Rb8 13. Nh2 Ne7 14. Bb3 c4 15. Bc2 cxd3 16. Qxd3 Ng6 17. Bb3 Be7 18. Ng4 Kh8 19. Ne3 Nf4 20. Qd1 Be6 21. Kh2 Qd7 22. Bxe6 fxe6 23. g3 Ng6 24. h4 Bd8 25. h5 Ne7 26. Qg4 Bb6 27. Kg2 Ng8 28. Nd5 Nf6 29. Nxb6 Rxb6 30. Qh4 Rc6 31. h6 g6 32. Bg5 Nh5 33. Rad1 Qf7 34. Qg4 d5 35. Rd2 Rc4 36. Re1 d4 37. cxd4 exd4 38. b3 Rc3 39. e5 d3 40. Re3 Rc2 41. Rexd3 Qxf2+ 42. Rxf2 Rfxf2+ 43. Kg1 Rg2+ 44. Kf1 Rcf2+ 45. Ke1 Nxg3 46. Rd8+ 1/2-1/2

[Event "RUS-ch Men Blitz 2019"]
[Site "Sochi"]
[Date "2019.10.17"]
[Round "12.24"]
[White "Utnasunov, Alexander"]
[Black "Keosidi, Konstantin"]
[Result "1-0"]
[ECO "D35"]
[WhiteElo "2442"]
[BlackElo "2400"]
[Annotator "NA"]
[PlyCount "63"]
[EventDate "2019.10.17"]
[EventType "swiss"]
[EventCountry "RUS"]
[SourceTitle "playchess.com"]
[Source "ChessBase"]
[SourceQuality "1"]
[TimeControl "180+2"]

1. d4 d5 2. c4 e6 3. Nc3 Nf6 4. cxd5 exd5 5. Bg5 Be7 6. e3 c6 7. Bd3 Nbd7 8. Qc2 Nh5 9. Bxe7 Qxe7 10. O-O-O g6 11. Nf3 Nb6 12. Kb1 Ng7 13. Rhe1 Be6 14. Rc1 O-O-O 15. Na4 Nxa4 16. Qxa4 Kb8 17. Rc3 Bf5 18. Ne5 Rc8 19. Rec1 f6 20. Bxf5 Nxf5 21. Nd3 Nd6 22. Ra3 Nb5 23. Rb3 Rhe8 24. Nc5 b6 25. Na6+ Kb7 26. Nb4 Qd6 27. Qa6+ Kb8 28. a4 c5 29. dxc5 bxc5 30. Qxb5+ Ka8 31. Na6 c4 32. Qb7# 1-0